 Dungeon Crawl Stone Soup version 0.22.1-6-g1668fe2c40 (webtiles) character file.

124999 Peloso the Peltast (level 16, -54/151 HPs)
             Began as a Minotaur Fighter on Jan 29, 2019.
             Was the Champion of Okawaru.
             Annihilated by a titanic slime creature (62 damage)
             ... on level 2 of the Swamp.
             The game lasted 01:17:05 (30168 turns).

Peloso the Peltast (Minotaur Fighter)              Turns: 30168, Time: 01:17:07

Health: -54/151    AC: 24    Str: 25    XL:     16   Next: 40%
Magic:  16/16      EV: 13    Int:  5    God:    Okawaru [******]
Gold:   712        SH: 15    Dex:  8    Spells: 15/15 levels left

rFire    . . .     SeeInvis .   b - +4 scimitar (flame)
rCold    . . .     Gourm    .   c - +0 shield
rNeg     . . .     Faith    +   w - +8 swamp dragon scales "Tanwej" {+Blink +Fly rPois MR- Dex-5 Slay+4}
rPois    +         Spirit   .   R - +2 hat {MR+}
rElec    .         Reflect  .   F - scarf {cloud immunity}
rCorr    +         Harm     .   T - +0 pair of gloves
MR       +....                  (no boots)
Stlth    +.........             V - amulet of faith
HPRegen  0.35/turn              J - +1 ring of protection
MPRegen  0.15/turn              E - ring of resist corrosion

@: no status effects
A: retaliatory headbutt, horns 2
a: Heroism, Finesse, Renounce Religion, Evoke Blink, Evoke Flight


You were on level 2 of the Swamp.
You worshipped Okawaru.
Okawaru was exalted by your worship.
You were not hungry.

You visited 5 branches of the dungeon, and saw 26 of its levels.
You also visited: Ice Cave.

You collected 2871 gold pieces.
You spent 2159 gold pieces at shops.

Inventory:

Hand Weapons
 a - a +2 double sword of venom
 b - a +4 scimitar of flaming (weapon)
 s - a +1 scimitar of flaming
Armour
 c - a +0 shield (worn)
 w - the +8 swamp dragon scales "Tanwej" (worn) {+Blink +Fly rPois MR- Dex-5 Slay+4}
   (Okawaru gifted it to you on level 15 of the Dungeon)

   It affects your dexterity (-5).
   It affects your accuracy and damage with ranged weapons and melee attacks
   (+4).
   It protects you from poison.
   It affects your resistance to hostile enchantments.
   It lets you fly.
   It lets you blink.
 F - a scarf of cloud immunity (worn)
 R - a +2 hat of magic resistance (worn)
 S - the +6 plate armour of Hysteria {-Cast rC+++ Regen+ MP+9}
   (You bought it in a shop on level 6 of the Dungeon)

   It renders you almost immune to cold.
   It affects your magic capacity (+9).
   It prevents spellcasting.
   It increases your rate of regeneration.
 T - a +0 pair of gloves (worn)
Jewellery
 m - an uncursed ring of flight {unknown}
 E - a ring of resist corrosion (right hand)
 J - a +1 ring of protection (left hand)
 V - an amulet of faith (around neck)
Wands
 q - a wand of random effects (24)
 y - a wand of flame (30)
 z - a wand of iceblast (13)
Scrolls
 e - 6 scrolls of remove curse
 h - 2 scrolls of fear
 i - 9 scrolls of fog
 k - a scroll of holy word
 l - 2 scrolls of summoning
 r - 9 scrolls of teleportation
 t - 2 scrolls of amnesia
 u - 4 scrolls of blinking
 D - 2 scrolls of noise
 I - 5 scrolls of identify
 P - 4 scrolls of magic mapping
Potions
 d - 4 potions of might
 g - 3 potions of heal wounds
 j - a potion of experience {unknown}
 n - 4 potions of agility
 o - a potion of flight
 p - 3 potions of invisibility
 v - 2 potions of ambrosia
 x - 7 potions of curing
 B - 2 potions of haste
 O - 6 potions of berserk rage
Comestibles
 f - 49 rations
 A - 3 chunks of flesh


   Skills:
 + Level 15.9 Fighting
 + Level 17.6 Long Blades
 + Level 16.0 Armour
 + Level 5.1 Dodging
 + Level 2.6 Stealth
 + Level 18.3 Shields
 + Level 1.6 Invocations
 + Level 0.2 Evocations


You had 15 spell levels left.
You didn't know any spells.
Your spell library contained the following spells:

 Spells                   Type           Power        Failure   Level  Hunger
 Animate Skeleton         Necr           N/A          56%         1    ##.....
 Apportation              Tloc           #.....       56%         1    ##.....
 Confusing Touch          Hex            #.....       56%         1    ##.....
 Sting                    Conj/Pois      #...         56%         1    ##.....
 Summon Small Mammal      Summ           #...         56%         1    ##.....
 Call Imp                 Summ           #.......     71%         2    ###....
 Poisonous Vapours        Pois/Air       #.....       71%         2    ###....
 Call Canine Familiar     Summ           #.......     91%         3    ####...
 Confuse                  Hex            #.......     91%         3    ####...
 Conjure Flame            Conj/Fire      #.......     91%         3    ####...
 Gell's Gravitas          Tloc           #.........   91%         3    ####...
 Ignite Poison            Fire/Tmut/Pois #.......     91%         3    ####...
 Mephitic Cloud           Conj/Pois/Air  #.......     91%         3    ####...
 Recall                   Summ/Tloc      N/A          91%         3    ####...
 Summon Guardian Golem    Hex/Summ       #.......     91%         3    ####...
 Animate Dead             Necr           N/A          100%        4    #####..
 Olgreb's Toxic Radiance  Pois           #.......     100%        4    #####..
 Petrify                  Tmut/Erth      #.......     100%        4    #####..
 Summon Ice Beast         Ice/Summ       #.......     100%        4    #####..
 Summon Lightning Spire   Summ/Air       #.......     100%        4    #####..
 Borgnjor's Vile Clutch   Necr/Erth      #.........   100%        5    ######.
 Fireball                 Conj/Fire      #.........   100%        5    ######.
 Irradiate                Conj/Tmut      #.........   100%        5    ######.
 Metabolic Englaciation   Hex/Ice        #.........   100%        5    ######.
 Venom Bolt               Conj/Pois      #.........   100%        5    ######.
 Yara's Violent Unravell  Hex/Tmut       #.........   100%        5    ######.
 Bolt of Fire             Conj/Fire      #.........   100%        6    #######
 Death Channel            Necr           #.........   100%        6    #######
 Freezing Cloud           Conj/Ice/Air   #.........   100%        6    #######
 Hydra Form               Tmut           #.........   100%        6    #######
 Simulacrum               Ice/Necr       #.........   100%        6    #######
 Statue Form              Tmut/Erth      #........    100%        6    #######
 Dragon Form              Tmut           #.........   100%        7    #######
 Ring of Flames           Chrm/Fire      #.........   100%        7    #######
 Ignition                 Fire           #.........   100%        8    #######


Dungeon Overview and Level Annotations

Branches:
Dungeon (15/15)            Temple (1/1) D:5            Lair (6/6) D:9
  Swamp (2/4) Lair:3        Snake (0/4) Lair:4        Slime (0/5) Lair:6
    Orc (2/2) D:12            Elf (0/3) Orc:2        Vaults (0/5) D:14
 Depths (0/5) D:15

Altars:
Ashenzari
Cheibriados
Dithmenos
Elyvilon
Fedhas
Gozag
Hepliaklqana
Kikubaaqudgha
Makhleb
Nemelex Xobeh
Okawaru
Qazlal
Ru
Sif Muna
Trog
Uskayaw
Vehumet
Wu Jian
Xom
Yredelemnul
Zin
The Shining One
Jiyva

Shops:
D:6 [   D:7 :   D:8 :   D:10 }(*   D:11 (   D:13 [   Orc:2 :}(?


Innate Abilities, Weirdness & Mutations

You reflexively headbutt those who attack you in melee.
You have a pair of horns on your head.


Message History

The titanic slime creature is severely wounded.
A spiny frog comes into view.
The slime creature hits you but does no damage.
You block the slime creature's attack.
The spiny frog croaks.
You slash the titanic slime creature! You burn the titanic slime creature.
The titanic slime creature is almost dead.
You hear a roar!
The titanic slime creature hits you!!!!
Ouch! That really hurt!
* * * LOW HITPOINT WARNING * * *
A komodo dragon comes into view.
Unknown command.
You slash the titanic slime creature! You burn the titanic slime creature.
You headbutt the titanic slime creature.
The titanic slime creature is almost dead.
The slime creature hits you.
* * * LOW HITPOINT WARNING * * *
You block the slime creature's attack. The titanic slime creature hits you!!!
You die...

♣♣..♣..♣≈.♣.♣..≈≈...≈≈≈≈≈≈....≈♣
♣≈♣)♣.♣.♣♣♣.♣.≈.>.≈≈≈≈≈≈≈.♣♣.≈♣
♣♣♣..♣≈♣.♣.♣.♣.♣♣♣.≈≈≈≈≈.♣♣♣.≈♣
♣.♣≈♣♣♣.♣.♣.♣.♣♣ ♣♣♣.≈≈.♣♣♣♣≈≈.
♣≈..♣ ♣♣♣.♣.♣.♣♣ ♣♣♣♣♣♣ ♣.≈≈.
♣♣...♣ ♣.♣♣♣.♣.♣ ♣.≈≈. .♣♣♣.♣.♣
♣l♣♣♣♣ ♣♣≈.. .♣ ♣.. ♣.♣.♣J♣♣♣≈.≈
♣♣♣♣ .♣ ♣.♣.♣♣♣.♣@J..≈≈≈. .♣ .♣
♣.♣.♣♣♣J.≈≈F≈≈ ≈≈ ♣.♣ J≈≈≈≈≈. .
♣♣ ..≈≈≈.♣ .≈≈≈..♣ ≈≈≈.?..
...≈.≈≈ ..≈♣♣.≈


You could see a titanic slime creature, 3 slime creatures, a komodo dragon and a
spiny frog.

Vanquished Creatures
  Rupert (D:13)
  An acid blob (Lair:6)
  Kirke (Swamp:2)
  An azure jelly (Lair:6)
  A frost giant (shapeshifter) (D:14)
  Snorg (Orc:1)
  A fire dragon (Lair:6)
  7 death oozes (Lair:6)
  Harold (D:7)
  An ogre mage (D:15)
  11 hydras
  A vault guard (D:14)
  4 centaur warriors
  A ghost crab (Swamp:2)
  3 catoblepae
  6 two-headed ogres
  A death knight (D:15)
  Erica (D:8)
  A tengu warrior (D:15)
  3 alligators
  5 orc high priests
  A deep elf knight (D:15)
  Sonja (Orc:2)
  A sea snake (shapeshifter) (D:15)
  5 skeletal warriors
  An unseen horror (D:11)
  A spriggan druid (Swamp:2)
  A shambling mangrove (Swamp:1)
  2 lindwurms
  A swamp dragon (Swamp:1)
  4 orc knights (Orc:2)
  6 orc sorcerers
  12 ugly things
  7 cyclopes
  2 deep elf magi (D:15)
  3 manticores
  9 black mambas
  Joseph (D:8)
  A torpor snail (Lair:4)
  Maurice (Orc:2)
  A centaur zombie (D:14)
  2 molten gargoyles (Lair:6)
  3 ice statues (IceCv)
  2 gargoyles
  13 spiny frogs
  3 rime drakes
  3 tengu conjurers (D:15)
  3 kobold demonologists (D:12)
  An efreet (D:15)
  2 ice devils (Lair:5)
  9 komodo dragons
  3 yaktaurs (D:15)
  2 freezing wraiths (D:15)
  A queen bee (D:13)
  3 meliai
  19 blink frogs
  5 trolls
  A polar bear (Lair:6)
  The ghost of Raymar the Magician, an amateur HuWz of Vehumet (D:4)
  A harpy skeleton (D:12)
  11 tyrant leeches
  8 slime creatures
  Prince Ribbit (D:8)
  6 hippogriffs
  7 hornets
  A bog body (Swamp:1)
  6 dream sheep (Lair:4)
  A shadow (Swamp:1)
  55 yaks
  2 wraiths (D:15)
  A spriggan (shapeshifter) (D:15)
  3 spriggans
  A water elemental (D:15)
  4 wyverns
  A hungry ghost (D:8)
  2 hogs (Swamp:2)
  5 basilisks
  A steam dragon (Lair:6)
  12 vampire mosquitoes
  3 wargs
  4 insubstantial wisps (Swamp:1)
  The ghost of Gunterle the Sneak, an amateur OpWn (D:3)
  7 swamp worms
  A soldier ant (D:14)
  6 nagas (Lair:4)
  3 hell hounds (Lair:6)
  8 water moccasins
  A floating eye (shapeshifter) (D:15)
  A hornet zombie (D:11)
  8 porcupines
  6 swamp drakes
  23 orc warriors
  3 black bears
  2 eyes of draining
  7 ice beasts
  3 phantoms
  5 sky beasts
  A necrophage (D:11)
  8 ogres
  23 wolves
  10 centaurs
  9 crocodiles
  24 bullfrogs
  4 big kobolds
  A water moccasin zombie (D:6)
  A water moccasin skeleton (D:6)
  6 scorpions
  A vampire bat (D:15)
  32 killer bees
  13 wights
  2 electric eels (D:15)
  4 lava snakes (Lair:6)
  6 howler monkeys
  11 crimson imps
  A bullfrog zombie (D:6)
  13 jellies
  25 orc priests
  7 centaur skeletons
  11 hounds
  22 orc wizards
  6 iguanas
  Jessica (D:3)
  16 worker ants
  A hound zombie (D:9)
  8 gnolls
  16 adders
  2 shadow imps
  11 oozes
  2 adder skeletons (D:4)
  3 adder zombies
  5 worms
  A dart slug (D:1)
  4 leopard geckos
  103 orcs
  2 ball pythons
  11 bats
  5 giant cockroaches
  12 goblins
  8 hobgoblins
  14 jackals
  25 kobolds
  3 quokkas
  6 frilled lizards
  2 jackal skeletons
  A jackal zombie (D:8)
  A leopard gecko skeleton (D:5)
  5 rats
  A fungus (Lair:1)
  A plant (Lair:1)
922 creatures vanquished.

Vanquished Creatures (others)
  A blink frog (Lair:6)
  2 humans (Swamp:2)
  An orc wizard (Orc:2)
  2 orcs (Orc:2)
  13 fungi
  8 plants
27 creatures vanquished.

Grand Total: 949 creatures vanquished

Notes
Turn   | Place    | Note
-------+----------+-------------------------------------------
     0 | D:1      | Peloso the Minotaur Fighter began the quest for the Orb.
     0 | D:1      | Reached XP level 1. HP: 19/19 MP: 0/0
    64 | D:1      | Reached XP level 2. HP: 27/27 MP: 1/1
   527 | D:2      | Reached XP level 3. HP: 31/33 MP: 2/2
   559 | D:2      | Reached skill level 4 in Shields
   695 | D:2      | HP: 1/33 [adder (1)]
  1051 | D:2      | Reached XP level 4. HP: 40/40 MP: 3/3
  1219 | D:3      | Noticed Jessica
  1224 | D:3      | Killed Jessica
  1262 | D:3      | Noticed Gunterle's ghost (amateur OpWn)
  1263 | D:3      | Found a runed gate.
  1263 | D:3      | Found a runed gate.
  1263 | D:3      | Found a runed gate.
  1264 | D:3      | Noticed a bullfrog
  1324 | D:3      | Reached skill level 1 in Dodging
  1324 | D:3      | Reached XP level 5. HP: 41/47 MP: 4/4
  1511 | D:3      | Found a bloodstained altar of Trog.
  1963 | D:4      | Reached skill level 5 in Long Blades
  1968 | D:4      | Reached XP level 6. HP: 48/55 MP: 5/5
  2009 | D:4      | Reached skill level 5 in Fighting
  2012 | D:4      | Reached skill level 5 in Shields
  2414 | D:4      | Found Tyobuaf's Magic Scroll Shop.
  2425 | D:4      | Bought a scroll of teleportation for 39 gold pieces
  2425 | D:4      | Bought a scroll of identify for 26 gold pieces
  2425 | D:4      | Bought a scroll of remove curse for 39 gold pieces
  2425 | D:4      | Bought a scroll of fog for 26 gold pieces
  2540 | D:4      | Found a runed door.
  2541 | D:4      | Noticed Raymar's ghost (amateur HuWz)
  2604 | D:4      | Reached XP level 7. HP: 50/61 MP: 6/6
  2858 | D:5      | Entered Level 5 of the Dungeon
  2959 | D:5      | Found a staircase to the Ecumenical Temple.
  2968 | Temple   | Entered the Ecumenical Temple
  3014 | Temple   | Became a worshipper of Warmaster Okawaru
  3395 | D:5      | Reached skill level 5 in Armour
  3395 | D:5      | Reached skill level 6 in Shields
  3891 | D:6      | Found a shadowy altar of Dithmenos.
  3897 | D:6      | Reached * piety under Okawaru
  3948 | D:6      | Found Ynuilo's Antique Armour Emporium.
  3952 | D:6      | Reached XP level 8. HP: 65/69 MP: 7/7
  4216 | D:6      | Reached ** piety under Okawaru
  4292 | D:6      | Reached skill level 7 in Shields
  5291 | D:7      | Found a hazy altar of Hepliaklqana.
  5470 | D:7      | Noticed Harold
  5491 | D:7      | Killed Harold
  5491 | D:7      | Reached skill level 8 in Shields
  5491 | D:7      | Reached XP level 9. HP: 11/79 MP: 8/8
  5497 | D:7      | Reached *** piety under Okawaru
  5908 | D:7      | Found Meull's Book Emporium.
  6104 | D:8      | Reached skill level 10 in Long Blades
  6639 | D:8      | Noticed Erica
  6667 | D:8      | Killed Erica
  6667 | D:8      | Reached skill level 9 in Shields
  6669 | D:8      | Reached **** piety under Okawaru
  6938 | D:8      | Reached XP level 10. HP: 87/88 MP: 9/9
  7012 | D:8      | Found a white marble altar of Elyvilon.
  7098 | D:8      | Reached skill level 1 in Stealth
  7507 | D:8      | Found Atariy's Book Boutique.
  7514 | D:8      | Noticed Joseph
  7521 | D:8      | Killed Joseph
  7570 | D:8      | Noticed Prince Ribbit
  7596 | D:8      | Killed Prince Ribbit
  7844 | D:3      | Killed Gunterle's ghost
  7961 | D:4      | Bought a scroll of blinking for 97 gold pieces
  7961 | D:4      | Bought a scroll of identify for 26 gold pieces
  7961 | D:4      | Bought a scroll of identify for 26 gold pieces
  7961 | D:4      | Bought a scroll of remove curse for 39 gold pieces
  7980 | D:4      | Reached ***** piety under Okawaru
  7987 | D:4      | Killed Raymar's ghost
  8138 | D:9      | Found a staircase to the Lair.
  8201 | D:9      | Reached skill level 10 in Armour
  8580 | D:9      | Received a gift from Okawaru
  8766 | D:9      | Reached XP level 11. HP: 95/95 MP: 10/10
  8987 | D:10     | Entered Level 10 of the Dungeon
  8987 | D:10     | Found Isolir's Weapon Shop.
  9271 | D:10     | Found Salud's Assorted Antiques.
  9281 | D:10     | Bought a scroll labeled OCEMIKHL LITUQE for 34 gold pieces
  9281 | D:10     | Bought a ring of protection for 68 gold pieces
  9281 | D:10     | Bought 2 yellow potions for 61 gold pieces
  9550 | D:10     | Noticed a two-headed ogre
  9567 | D:10     | Killed a two-headed ogre
  9667 | D:10     | Found Onielafo's Gadget Shoppe.
 10179 | D:10     | Reached skill level 10 in Shields
 10475 | D:11     | Noticed a two-headed ogre
 10496 | D:11     | Killed an unseen horror
 10504 | D:11     | Killed a two-headed ogre
 10786 | D:11     | Reached ****** piety under Okawaru
 10793 | D:11     | Received a gift from Okawaru
 10793 | D:11     | Reached skill level 10 in Fighting
 10961 | D:11     | Found Jaitar's Weapon Shoppe.
 11281 | D:11     | Noticed a two-headed ogre
 11286 | D:11     | Killed a two-headed ogre
 11286 | D:11     | Reached XP level 12. HP: 104/106 MP: 11/11
 11670 | D:12     | Found a staircase to the Orcish Mines.
 11800 | Orc:1    | Entered Level 1 of the Orcish Mines
 12154 | D:12     | Received a gift from Okawaru
 12154 | D:12     | Reached skill level 11 in Shields
 13161 | Orc:2    | Entered Level 2 of the Orcish Mines
 13181 | Orc:2    | Noticed Sonja
 13396 | Orc:2    | Noticed Snorg
 13414 | Orc:1    | Killed Snorg
 14098 | Orc:1    | Noticed an orc high priest
 14205 | Orc:1    | Killed an orc high priest
 14205 | Orc:1    | Received a gift from Okawaru
 14620 | Orc:2    | Reached skill level 12 in Shields
 14697 | Orc:2    | Noticed an orc high priest
 15064 | Orc:2    | Found a staircase to the Elven Halls.
 15305 | D:6      | Bought a crude plate armour for 672 gold pieces
 15323 | D:6      | Identified the +6 plate armour of Hysteria {-Cast rC+++
                  | Regen+ MP+9} (You bought it in a shop on level 6 of the
                  | Dungeon)
 15395 | Lair:1   | Entered Level 1 of the Lair of Beasts
 15587 | Lair:1   | Reached skill level 15 in Long Blades
 16014 | Lair:1   | Received a gift from Okawaru
 16022 | Lair:1   | Reached XP level 13. HP: 113/116 MP: 12/12
 16519 | D:6      | Bought a twisted hat for 216 gold pieces
 16534 | D:6      | Identified the cursed +0 hat "Fisonet" {-Tele rF+++ Dex+2
                  | Stlth+} (You bought it in a shop on level 6 of the Dungeon)
 16826 | Lair:2   | Reached skill level 13 in Shields
 17255 | Lair:2   | Got a smoking lajatang
 17316 | Lair:2   | Received a gift from Okawaru
 17321 | Lair:2   | Got a distressingly furry hat {god gift}
 17334 | Lair:2   | Identified the +1 hat of the Special Wonders {rC+ MP+9
                  | Slay-4} (Okawaru gifted it to you on level 2 of the Lair of
                  | Beasts)
 17487 | Lair:3   | Found a staircase to the Swamp.
 18452 | Lair:4   | Reached skill level 14 in Shields
 18473 | Lair:4   | Found a staircase to the Snake Pit.
 18863 | Lair:4   | Received a gift from Okawaru
 19162 | Lair:5   | Found a frozen archway.
 19186 | IceCv    | Entered an ice cave
 19336 | IceCv    | Got warped ice dragon scales
 19359 | IceCv    | Identified the +7 ice dragon scales of Subjectivity {+Blink
                  | rF- rC++ rN+++ rCorr Dex-5} (You found it in an ice cave)
 19567 | Lair:5   | Reached XP level 14. HP: 114/127 MP: 13/13
 20252 | Lair:6   | Entered Level 6 of the Lair of Beasts
 20275 | Lair:6   | Found a runed door.
 20277 | Lair:6   | Found a viscous altar of Jiyva.
 20279 | Lair:6   | Found a staircase to the Slime Pits.
 20311 | Lair:6   | Received a gift from Okawaru
 20337 | Lair:6   | Reached skill level 15 in Shields
 20537 | Lair:6   | Noticed an azure jelly
 20543 | Lair:6   | Killed an azure jelly
 20639 | Lair:6   | Received a gift from Okawaru
 21321 | Lair:6   | Found a large runed door.
 21349 | Lair:6   | Found a large runed door.
 21945 | Lair:6   | Identified the +2 lajatang "Zonum" {slice, MR- Int+4} (You
                  | found it on level 2 of the Lair of Beasts)
 21965 | Lair:6   | Received a gift from Okawaru
 22128 | Lair:6   | Noticed an acid blob
 22137 | Lair:6   | Killed an acid blob
 22394 | Orc:2    | Killed Sonja
 22396 | Orc:2    | Noticed Maurice
 22420 | Orc:2    | Killed Maurice
 22582 | Orc:2    | Reached skill level 16 in Shields
 22609 | Orc:2    | Reached skill level 1 in Invocations
 23322 | Orc:2    | Received a gift from Okawaru
 23322 | Orc:2    | Reached XP level 15. HP: 64/138 MP: 14/14
 23330 | Orc:2    | Found Oroliock's Book Shoppe.
 23330 | Orc:2    | Found Gail's Magic Scroll Boutique.
 23430 | Orc:2    | Found Nirha's Gadget Shoppe.
 23430 | Orc:2    | Found Mog Tucw's Antique Weapon Boutique.
 23441 | Orc:2    | Bought a scroll of magic mapping for 52 gold pieces
 23441 | Orc:2    | Bought a scroll of teleportation for 45 gold pieces
 23441 | Orc:2    | Bought a scroll of identify for 30 gold pieces
 23441 | Orc:2    | Bought a scroll of enchant weapon for 112 gold pieces
 23441 | Orc:2    | Bought a scroll of blinking for 112 gold pieces
 23441 | Orc:2    | Bought a scroll of blinking for 112 gold pieces
 23441 | Orc:2    | Bought a scroll of magic mapping for 52 gold pieces
 23496 | Orc:2    | Reached skill level 15 in Armour
 24144 | D:13     | Received a gift from Okawaru
 24472 | D:13     | Noticed Rupert
 24480 | D:13     | Found Jifeneiff's Antique Armour Emporium.
 24495 | D:13     | Killed Rupert
 24647 | D:13     | Bought a crude shield for 275 gold pieces
 24660 | D:13     | Identified the -4 shield of the Doge {Stlth+} (You bought
                  | it in a shop on level 13 of the Dungeon)
 25059 | D:14     | Received a gift from Okawaru
 25499 | D:14     | Reached skill level 17 in Shields
 25987 | D:14     | Found a gate to the Vaults.
 26027 | D:14     | Noticed a sphinx
 26031 | D:14     | a sphinx changed into an iron troll
 26048 | D:14     | Noticed a frost giant
 26048 | D:14     | an iron troll changed into a frost giant
 26054 | D:14     | Killed a frost giant
 26174 | D:15     | Entered Level 15 of the Dungeon
 26602 | D:15     | Received a gift from Okawaru
 26618 | D:15     | Reached skill level 15 in Fighting
 26741 | D:15     | Found a staircase to the Depths.
 27543 | D:15     | Received a gift from Okawaru
 27551 | D:15     | Got twisted swamp dragon scales {god gift}
 27563 | D:15     | Identified the +8 swamp dragon scales "Tanwej" {+Blink +Fly
                  | rPois MR- Dex-5 Slay+4} (Okawaru gifted it to you on level
                  | 15 of the Dungeon)
 27860 | Swamp:1  | Entered Level 1 of the Swamp
 27864 | Swamp:1  | Reached XP level 16. HP: 149/149 MP: 16/16
 28866 | Swamp:1  | Reached skill level 18 in Shields
 30101 | Swamp:2  | Reached skill level 5 in Dodging
 30111 | Swamp:2  | Noticed Kirke
 30116 | Swamp:2  | Killed Kirke
 30168 | Swamp:2  | Annihilated by a titanic slime creature

Skill      XL: |  1  2  3  4  5  6  7  8  9 10 11 12 13 14 15 16 |
---------------+-------------------------------------------------+-----
Fighting       | 4 5 7 8 10 11 12 14 15 | 15.9
Armour         | 4 6 7 8 10 11 13 14 15 16 | 16.0
Long Blades    | 3 4 5 7 9 10 12 14 15 16 17 | 17.6
Shields        | 4 5 6 8 9 10 12 14 16 17 18 | 18.3
Dodging        | 1 2 3 5 |  5.1
Stealth        | 2 |  2.6
Invocations    | 1 |  1.6
Evocations     | |  0.2

Action                   |  1- 3 |  4- 6 |  7- 9 | 10-12 | 13-15 | 16-18 || total
-------------------------+-------+-------+-------+-------+-------+-------++-------
Melee: Long sword        |    85 |   167 |   370 |       |       |       ||   622
       Headbutt          |     7 |    28 |    69 |   186 |   362 |    45 ||   697
       Scimitar          |       |       |     3 |   803 |  1371 |   243 ||  2420
       Double sword      |       |       |       |    41 |       |       ||    41
Invok: Heroism           |       |       |     3 |     6 |     7 |       ||    16
 Abil: Evoke Flight      |       |       |       |       |       |     1 ||     1
  Use: Potion            |     1 |     1 |     2 |       |     2 |       ||     6
       Scroll            |       |       |     2 |    19 |    14 |     1 ||    36
 Stab: Sleeping          |       |       |       |       |       |     1 ||     1
  Eat: Chunk             |       |     5 |    12 |    23 |    25 |     5 ||    70
       Ration            |       |       |     1 |     2 |     4 |     1 ||     8
Armor: Scale mail        |    41 |    17 |       |       |       |       ||    58
       Plate armour      |       |    82 |   169 |   371 |   663 |       ||  1285
       Swamp dragon scal |       |       |       |       |       |    90 ||    90
Dodge: Dodged            |    30 |    41 |    49 |   194 |   451 |    67 ||   832
Block: Shield            |    52 |   120 |   193 |   521 |  1022 |   146 ||  2054
       Rpst.: Long sword |     5 |    13 |    13 |       |       |       ||    31
       Scimitar          |       |       |       |    41 |   117 |    17 ||   175
       Double sword      |       |       |       |     1 |       |       ||     1
